 Dungeon Crawl Stone Soup version 0.31.0-2-g5a2aebc5c2 (webtiles) character file.

Game seed: 7284561972192782568

101 Nick1 the Shield-Bearer (level 5, 0/42 HPs)
             Began as a Formicid Fighter on Jan 21, 2024.
             Slain by an ufetubus (1 damage)
             ... on level 5 of the Dungeon.
             The game lasted 00:10:26 (1330 turns).

Nick1 the Shield-Bearer (Formicid Fighter)          Turns: 1330, Time: 00:10:27

Health: 0/42       AC:  7    Str: 23    XL:     5   Next: 4%
Magic:  5/5        EV:  9    Int:  7    God:
Gold:   96         SH:  5    Dex: 13    Spells: 4/4 levels left

rFire   . . .        a - +0 war axe
rCold   . . .        c - +0 buckler
rNeg    . . .        b - +0 scale mail
rPois   .            (helmet unavailable)
rElec   .            (no cloak)
rCorr   .            (no gloves)
SInv    +            (no boots)
Will    .....        (no amulet) Stlth
                     (no ring)
HPRegen 0.27/turn    (no ring)
MPRegen 0.09/turn

%: no passive effects
@: no status effects
A: permanent stasis, dig shafts and tunnels, antennae 3, four strong arms
a: Dig, Shaft Self


You were on level 5 of the Dungeon.
You visited 1 branch of the dungeon, and saw 4 of its levels.

You collected 96 gold pieces.

Inventory:

Hand Weapons
 a - a +0 war axe (weapon)
Missiles
 f - 22 stones
 k - 5 boomerangs (quivered)
 m - 3 poisoned darts
Armour
 b - a +0 scale mail (worn)
 c - a +0 buckler (worn)
Scrolls
 e - a scroll of enchant armour {unknown}
 i - a scroll of revelation {unknown}
 j - a scroll of teleportation {unknown}
 l - a scroll of butterflies {unknown}
Potions
 d - a potion of curing
 g - 2 potions of invisibility
 h - a potion of mutation {unknown}


   Skills:
 * Level 3.7 Fighting
 * Level 3.6 Axes
 + Level 0.6 Throwing
 * Level 3.8 Armour
 * Level 1.0 Stealth
 * Level 4.3 Shields


You had 4 spell levels left.
You didn't know any spells.
Your spell library contained the following spells:

 Spells                   Type           Power      Damage    Failure   Level
 Magic Dart               Conj           0%         1d3       80%         1
 Call Imp                 Summ           0%         N/A       91%         2
 Blink                    Tloc           Unusable   N/A       N/A         2

Dungeon Overview and Level Annotations

Branches:
Dungeon (3/15)

Altars:

Annotations:
D:3 Ijyb


Innate Abilities, Weirdness & Mutations

You cannot be hasted, slowed, berserked, paralysed or teleported.
You can dig through walls and to a lower floor.
You have a pair of large antennae on your head. (SInv)
Your four strong arms can wield two-handed weapons with a shield.


Message History

The ufetubus is lightly wounded.
The ufetubus shouts!
The ufetubus hits you but does no damage. x3
You block the ufetubus's attack. The ufetubus barely misses you.
You block the ufetubus's attack.
You slash the ufetubus!
The ufetubus is almost dead.
You barely miss the ufetubus.
The ufetubus hits you but does no damage.
The ufetubus closely misses you.
The ufetubus hits you but does no damage.
The ufetubus hits you.
* * * LOW HITPOINT WARNING * * *
You slash the ufetubus!
You kill the ufetubus!
You miss the ufetubus. You block the ufetubus's attack.
The ufetubus barely misses you. The ufetubus slips past you!
The ufetubus barely misses you. The ufetubus hits you.
* * * LOW HITPOINT WARNING * * *
You have reached level 5!
Unknown command.
You hit the ufetubus but do no damage. The ufetubus barely misses you.
You block the ufetubus's attack. x2; The ufetubus misses you.
You miss the ufetubus.
The ufetubus hits you but does no damage.
The ufetubus barely misses you.
A scorpion comes into view.
The ufetubus hits you but does no damage.
You block the ufetubus's attack.
You miss the ufetubus. The ufetubus barely misses you.
The ufetubus hits you but does no damage.
The ufetubus hits you.
* * * LOW HITPOINT WARNING * * *
The ufetubus hits you but does no damage.
You hit the ufetubus.
The ufetubus is heavily wounded.
You block the ufetubus's attack. The ufetubus barely misses you.
The ufetubus hits you but does no damage.
You block the ufetubus's attack. The ufetubus hits you.
You die...

# #.#
#.#####.#
#.#.....#.#
#.........#
..####.###
#...##
#.#.#s##
#.##.##5#
... ..##@#
..# #####.#
#.. .## #.
,.# ##


You could see a scorpion and an ufetubus.

Vanquished Creatures
  Robin (D:2)
  An adder (D:2)
  An ufetubus (D:5)
  3 dart slugs (D:2)
  6 endoplasms
  A giant cockroach (D:1)
  10 goblins
  13 hobgoblins
  2 jackals (D:2)
  6 kobolds
  3 quokkas (D:1)
  5 ball pythons
  5 bats
  2 frilled lizards
  6 rats (D:1)
65 creatures vanquished.

Notes
Turn   | Place    | Note
-------+----------+-------------------------------------------
     0 | D:1      | Nick1 the Formicid Fighter began the quest for the Orb.
     0 | D:1      | Reached XP level 1. HP: 18/18 MP: 1/1
    35 | D:1      | Reached XP level 2. HP: 17/24 MP: 2/2
   132 | D:1      | Found a faded altar of an unknown god.
   152 | D:1      | Reached XP level 3. HP: 24/29 MP: 3/3
   630 | D:2      | Noticed Robin
   635 | D:2      | Reached XP level 4. HP: 30/37 MP: 4/4
   653 | D:2      | Killed Robin
  1142 | D:3      | Reached skill level 1 in Stealth
  1303 | D:3      | Noticed Ijyb
  1315 | D:3      | You fall into a shaft and drop 2 floors!
  1315 | D:5      | Entered Level 5 of the Dungeon
  1327 | D:5      | Reached XP level 5. HP: 3/42 MP: 5/5
  1329 | D:5      | HP: 1/42 [ufetubus (3)]
  1330 | D:5      | Slain by an ufetubus

Illustrated notes

Levels and vault maps discovered:
D:1:      sevenhm_arrival_forest_fort_small_6, layout_rooms,
          hellmonk_ecumenical_altar_heavens_door, minmay_splitting_lines,
          minmay_pentomino_p4
D:2:      layout_basic, uniq_robin
D:3:      layout_loops_corners, uniq_ijyb
D:5:      layout_loops_ring, portal_sewer_entry_b, uniq_eustachio

Skill      XL: |  1  2  3  4 |
---------------+-------------+-----
Axes           | 3 |  3.6
Stealth        | 1 |  1.0
Fighting       | |  3.7
Throwing       | |  0.6
Armour         | |  3.8
Shields        | |  4.3

Action                     |  1- 3 |  4- 6 || total
---------------------------+-------+-------++-------
  Melee: War axe           |    80 |    84 ||   164
  Throw: Stone             |    15 |       ||    15
         Boomerang         |       |     3 ||     3
Ability: Shaft Self        |       |     1 ||     1
    Use: Potion            |     1 |       ||     1
         Scroll            |     2 |     1 ||     3
 Armour: Scale mail        |    55 |    66 ||   121
  Dodge: Dodged            |    33 |    48 ||    81
  Block: Buckler           |    27 |    33 ||    60
